 Dungeon Sprint DCSS version 0.26-a0-846-gcc8f1ee719 (webtiles) character file.

Game seed: 5353270706729761276

1254 rocky1 the Impaler (level 8, -3/58 HPs)
             Began as a Merfolk Fighter on Nov 20, 2020.
             Was a Priest of Cheibriados.
             Slain by Snorg (10 damage)
             ... in the Dungeon (Sprint III: "The Ten Rune Challenge").
             The game lasted 00:03:34 (913 turns).

rocky1 the Impaler (Merfolk Fighter)                 Turns: 913, Time: 00:03:34

Health: -3/58      AC:  7    Str: 24    XL:     8   Next: 51%
Magic:  12/12      EV: 11    Int: 13    God:    Cheibriados [***...]
Gold:   37         SH: 14    Dex: 20    Spells: 7/7 levels left

rFire    . . .     SeeInvis .   a - +0 trident
rCold    . . .     Faith    .   c - +0 kite shield
rNeg     . . .     Spirit   .   b - +0 scale mail
rPois    .         Reflect  .   (no helmet)
rElec    .         Harm     .   g - +0 cloak
rCorr    .         Rampage  .   (no gloves)
MR       .....     NoTele   +   (boots currently unavailable)
Stlth    +.........             (no amulet)
HPRegen  0.19/turn              (no ring)
MPRegen  0.13/turn              (no ring)

@: slow
A: change form in water, swift swim, stealthy swim
a: Bend Time, Temporal Distortion, Renounce Religion


You were in the Dungeon.
You worshipped Cheibriados.
Cheibriados was most pleased with you.
You visited 1 branch You collected 37 gold pieces.

Inventory:

Hand Weapons
 a - a +0 trident (weapon)
Armour
 b - a +0 scale mail (worn)
 c - a +0 kite shield (worn)
 g - a +0 cloak (worn)
Wands
 i - a wand of paralysis (14)
Scrolls
 j - a scroll of blinking
 k - a scroll of enchant armour {unknown}
 m - 2 scrolls of immolation {unknown}
 n - a scroll of remove curse {unknown}
 o - 3 scrolls of identify
 r - a scroll of torment {unknown}
Potions
 h - 2 potions of magic
 l - 3 potions of mutation {unknown}
 p - a potion of brilliance {unknown}
 q - 2 potions of flight
 s - a potion of lignification {unknown}
 t - a potion of might
Miscellaneous
 d - a phantom mirror


   Skills:
 + Level 3.2 Fighting
 - Level 16.4 Polearms
 - Level 2.1 Armour
 + Level 0.0 Dodging
 + Level 12.3 Shields
 + Level 0.0 Unarmed Combat
 + Level 6.6 Invocations


You had 7 spell levels left.
You didn't know any spells.
Your spell library contained the following spells:

 Spells                   Type           Power        Failure   Level
 Confusing Touch          Hex            #.......     97%         3
 Gell's Gravitas          Tloc           #.........   97%         3
 Petrify                  Tmut/Erth      #.......     100%        4
 Metabolic Englaciation   Hex/Ice        #.........   100%        5
 Yara's Violent Unravell  Hex/Tmut       #.........   100%        5


Dungeon Overview and Level Annotations

Branches:
Dungeon (1/1)

Altars:
Cheibriados
Dithmenos
Elyvilon
Fedhas
Gozag
Hepliaklqana
Kikubaaqudgha
Makhleb
Nemelex Xobeh
Okawaru
Qazlal
Ru
Sif Muna
Trog
Uskayaw
Vehumet
Wu Jian
Xom
Yredelemnul
Zin
The Shining One
Beogh
Jiyva
Lugonu

Annotations:
D Snorg


Message History

* * * LOW HITPOINT WARNING * * *
You block Snorg's attack. x3; Snorg closely misses you.
Snorg claws you but does no damage.
You feel better. Snorg barely misses you. You block Snorg's attack.
Snorg claws you.
You barely miss Snorg.
Your tail-slap misses Snorg.
Snorg is moderately wounded.
You block Snorg's attack. x2; Snorg claws you but does no damage.
You puncture Snorg!
Snorg is heavily wounded.
You block Snorg's attack. x2; Snorg barely misses you.
You puncture Snorg!
Snorg is heavily wounded.
You block Snorg's attack. Snorg claws you!
* * * LOW HITPOINT WARNING * * *
Snorg closely misses you.
You feel better. Snorg barely misses you. Snorg claws you.
* * * LOW HITPOINT WARNING * * *
Snorg claws you!
You die...

..#___#___#__#
..#.).#__.#._#
..###'#)###)##
..#..........#
..'.⌠........#
..#...######'#
..#.⌠.#__#...#+#####
..#...#__#...#..§§§+
..#)###__#...#.#@§§#
..#.).#__#...'.#T§§#
..#___#__'...#.#§§§#
▓▓▓▓▓▓▓▓▓▓▓▓▓▓▓▓▓▓▓▓


You could see Snorg (berserk).

Vanquished Creatures
  A deep elf mage (D)
  A shadow (D)
  A spatial vortex (D)
  A necrophage (D)
  A water elemental (D)
  A jelly (D)
  Crazy Yiuf (D)
  A wizard (D)
  A necromancer (D)
  A kobold demonologist (D)
  3 humans (D)
  2 oozes (D)
  2 rats (D)
17 creatures vanquished.

Vanquished Creatures (others)
  3 plants (D)
3 creatures vanquished.

Grand Total: 20 creatures vanquished

Notes
Turn   | Place    | Note
-------+----------+-------------------------------------------
     0 | D        | rocky1 the Merfolk Fighter began the quest for the Orb.
     0 | D        | Reached XP level 1. HP: 18/18 MP: 1/1
    12 | D        | Reached skill level 4 in Polearms
    16 | D        | Reached skill level 5 in Polearms
    16 | D        | Reached XP level 2. HP: 24/24 MP: 2/2
    96 | D        | Reached skill level 6 in Polearms
    96 | D        | Reached skill level 5 in Shields
    96 | D        | Reached XP level 3. HP: 23/29 MP: 3/3
    97 | D        | Noticed Crazy Yiuf
   106 | D        | Killed Crazy Yiuf
   107 | D        | Reached skill level 8 in Polearms
   107 | D        | Reached XP level 4. HP: 19/35 MP: 4/4
   258 | D        | Noticed a water elemental
   262 | D        | Killed a water elemental
   263 | D        | Reached skill level 9 in Polearms
   263 | D        | Reached XP level 5. HP: 41/41 MP: 5/5
   392 | D        | Noticed a shadow
   397 | D        | Killed a shadow
   398 | D        | Reached skill level 12 in Polearms
   398 | D        | Reached XP level 6. HP: 46/47 MP: 6/6
   407 | D        | Found a blossoming altar of Fedhas.
   407 | D        | Found a stormy altar of Qazlal.
   407 | D        | Found a snail-covered altar of Cheibriados.
   407 | D        | Found a burning altar of Makhleb.
   407 | D        | Found a shimmering altar of Xom.
   408 | D        | Found a hazy altar of Hepliaklqana.
   408 | D        | Found an opulent altar of Gozag.
   408 | D        | Found a sparkling altar of Nemelex Xobeh.
   408 | D        | Found a corrupted altar of Lugonu.
   408 | D        | Found a viscous altar of Jiyva.
   408 | D        | Noticed a spatial vortex
   416 | D        | Killed a spatial vortex
   417 | D        | Reached skill level 13 in Polearms
   417 | D        | Reached skill level 10 in Shields
   418 | D        | Became a worshipper of Cheibriados the Contemplative
   437 | D        | Found a basalt altar of Yredelemnul.
   437 | D        | Found a shadowy altar of Dithmenos.
   437 | D        | Found a sacrificial altar of Ru.
   437 | D        | Noticed a necrophage
   439 | D        | Reached skill level 14 in Polearms
   439 | D        | Reached XP level 7. HP: 52/52 MP: 7/7
   461 | D        | Found a hide-covered altar of Uskayaw.
   461 | D        | Found a roughly hewn altar of Beogh.
   461 | D        | Found an iron altar of Okawaru.
   461 | D        | Found a bloodstained altar of Trog.
   461 | D        | Found an ornate altar of the Wu Jian Council.
   461 | D        | Noticed a human
   462 | D        | Noticed a human
   473 | D        | Killed a human
   473 | D        | Reached * piety under Cheibriados
   474 | D        | Reached skill level 15 in Polearms
   482 | D        | Killed a human
   482 | D        | Reached ** piety under Cheibriados
   608 | D        | Found a radiant altar of Vehumet.
   608 | D        | Found a shimmering blue altar of Sif Muna.
   608 | D        | Found an ancient bone altar of Kikubaaqudgha.
   613 | D        | Noticed a chaos spawn
   631 | D        | Found a glowing silver altar of Zin.
   631 | D        | Found a glowing golden altar of the Shining One.
   631 | D        | Found a white marble altar of Elyvilon.
   632 | D        | Noticed a deep elf mage
   636 | D        | Noticed a fire elemental
   636 | D        | Noticed a fire elemental
   640 | D        | Killed a deep elf mage
   640 | D        | Reached *** piety under Cheibriados
   641 | D        | Reached skill level 16 in Polearms
   641 | D        | Reached XP level 8. HP: 11/58 MP: 10/12
   897 | D        | Noticed Snorg
   913 | D        | Slain by Snorg

Illustrated notes

Levels and vault maps discovered:
D:        dungeon_sprint_mu [sprint_mu_entry_cave, sprint_mu_temple_rooms,
          sprint_mu_d1_horrors, sprint_mu_d2_genie, sprint_mu_d3_branching,
          sprint_mu_orc_legion, sprint_mu_elf_gauntlet, sprint_mu_hive_nellie,
          sprint_mu_lair_fedhas, sprint_mu_vaults_butterflies,
          sprint_mu_slime_circle, sprint_mu_swamp_cave, sprint_mu_shoals_kraken,
          sprint_mu_blade_basic, sprint_mu_crypt_fortress,
          sprint_mu_tomb_spiral, sprint_mu_vestibule_basic,
          sprint_mu_gehenna_hellfire, sprint_mu_dis_giant,
          sprint_mu_tartarus_statrot, sprint_mu_cocytus_islands, sprint_mu_zot1]

Skill      XL: |  1  2  3  4  5  6  7 |
---------------+----------------------+-----
Polearms       | 5 6 8 9 12 14 16 | 16.4
Shields        | 4 5 6 7 9 10 12 | 12.3
Invocations    | 6 |  6.6
Fighting       | |  3.2
Armour         | |  2.1

Action                   |  1- 3 |  4- 6 |  7- 9 || total
-------------------------+-------+-------+-------++-------
Melee: Trident           |    35 |    15 |    58 ||   108
       Tailslap          |       |       |     2 ||     2
  Use: Potion            |     1 |     2 |     3 ||     6
Armor: Scale mail        |     5 |       |    11 ||    16
Dodge: Dodged            |     3 |       |    13 ||    16
Block: Kite shield       |     8 |     2 |    33 ||    43

Table legend: (Time is in decaauts)
 A = Elapsed time spent in this place.
 B = Non-inter-level travel time spent in this place.
 C = Inter-level travel time spent in this place.
 D = Time resting spent in this place.
 E = Time spent auto-exploring this place.
 F = Levels seen in this place.
 G = Mean time per level.
                   A        B        C        D        E       F      G
               +--------+--------+--------+--------+--------+-----+--------+
         Total |    926 |    926 |      0 |    616 |      0 |   1 |  926.0 |
       Dungeon |    926 |    926 |      0 |    616 |      0 |   1 |  926.0 |
               +--------+--------+--------+--------+--------+-----+--------+

Top non-repeatable levels by time:
       D: 926 daAuts
